AoeStats
← GayBoy

Arabia

508251454Analyzed
1v1 RM · 12d ago on Sep 21, 2026· 23m 10s· 2 players
Game mode
Random Map
Map size
Tiny (2 player)
Population
200
Speed
Normal
Resources
Standard
Victory
Conquest
Starting age
Dark Age
Ending age
Imperial Age
RankedLock teamsTeams togetherTeam positionsShared explorationLock speedFull tech treeHidden civsTurbo modeCheats
Victory
Defeat
🇨🇿 Teutons · Czechia
901
+16
🇺🇦 Portuguese · Ukraine
902
-45
cisi1982
8:10 Loom
10:04 Feudal Age
8:20 Loom
10:47 Double-Bit Axe
20:45 Castle Age
18:44 Arson
18:47 Horse Collar
18:55 Man-at-Arms
20:46 Forging
22:38 Squires
23:25 Gambesons
GayBoy
9:30 Feudal Age
Connection lost

Rejoining the realm…

Still unreachable

The connection could not be restored.

Session expired

The server has moved on; the page needs a fresh start.